 Dungeon Crawl Stone Soup version 0.25.1-2-g60ff931df9 (webtiles) character file.

Game seed: 13303292355591319639

292 axecop the Ducker (level 6, -14/32 HPs)
             Began as a Spriggan Abyssal Knight on Nov 20, 2020.
             Was a Believer of Lugonu.
             Demolished by a two-headed ogre
             ... wielding a +0 giant club
              (19 damage)
             ... on level 5 of the Dungeon.
             The game lasted 00:03:40 (3071 turns).

axecop the Ducker (Spriggan Abyssal Knight)         Turns: 3071, Time: 00:03:41

Health: -14/32     AC:  4    Str:  8    XL:     6   Next: 10%
Magic:  9/9        EV: 20    Int: 16    God:    Lugonu [**....]
Gold:   209        SH:  0    Dex: 15    Spells: 5/5 levels left

rFire    . . .     SeeInvis +   a - +2 short sword (venom)
rCold    . . .     Gourm    .   (shield restricted)
rNeg     . . .     Faith    .   n - +0 robe
rPois    .         Spirit   .   (helmet restricted)
rElec    .         Reflect  .   i - +1 cloak
rCorr    .         Harm     .   (gloves unavailable)
MR       +....                  (boots unavailable)
Stlth    +++.......             (no amulet)
HPRegen  0.10/turn              d - +4 ring of slaying
MPRegen  0.11/turn              (no ring)

@: very quick
A: very small, unfitting armour, see invisible, herbivore, speed 3, slow
metabolism 2
a: Depart the Abyss, Bend Space, Renounce Religion


You were on level 5 of the Dungeon.
You worshipped Lugonu.
Lugonu was pleased with you.
You were not hungry.

You visited 1 branch of the dungeon, and saw 5 of its levels.
You visited the Abyss 1 time.

You collected 209 gold pieces.

Inventory:

Hand Weapons
 a - a +2 short sword of venom (weapon)
 b - a +0 hunting sling
 l - a +2 short sword
Missiles
 e - 107 arrows
Armour
 i - a +1 cloak (worn)
 n - a +0 robe (worn)
 t - a +0 buckler
Jewellery
 d - a +4 ring of slaying (left hand)
Scrolls
 f - 2 scrolls of fog
 j - a scroll of enchant armour
 p - 2 scrolls of identify
 q - a scroll of amnesia
Potions
 g - a potion of resistance {unknown}
 h - a potion of flight {unknown}
 s - a potion of brilliance
 u - a potion of stabbing {unknown}
Comestibles
 c - 4 rations


   Skills:
 + Level 2.7 Fighting
 + Level 3.8 Short Blades
 + Level 5.5 Dodging
 + Level 4.3 Stealth
 + Level 3.3 Invocations


You had 5 spell levels left.
You didn't know any spells.
Your spell library was empty.

Dungeon Overview and Level Annotations

Branches:
Dungeon (5/15)
 Temple: D:4-7

Altars:
Makhleb
Trog
Wu Jian


Innate Abilities, Weirdness & Mutations

You are very small and have problems with some larger weapons.
You are too small for most types of armour.
You have supernaturally acute eyesight. (SInv)
You are a herbivore.
You cover ground extremely quickly.
You need to consume almost no food.


Message History

You drop an uncursed ring of teleportation.
Your surroundings suddenly seem different.
No target in view!
A worker ant zombie comes into view.
Unknown command.
No target in view!
No target in view!
A worker ant comes into view.
Found a scroll of identify.
You see here a scroll of identify.
A two-headed ogre comes into view.
It is wielding a +0 giant club and a +0 giant spiked club.
The helpless two-headed ogre fails to defend itself.
You impale the two-headed ogre!!
The two-headed ogre is heavily wounded.
The two-headed ogre hits you with a +0 giant club!!
Ouch! That really hurt!
* * * LOW HITPOINT WARNING * * *
The two-headed ogre hits you with a +0 giant spiked club!!
Ouch! That really hurt!
You die...

#... #.#.#. ###
#.#.#.. ..# #.#.#.##
######.# #.#.#.#.#
#..##.#.#.#.#.#.##
#..# #.#.#.#.#.#.#
#>.# #@#.#.#.#.## ##
#..# #O#?#.#.#.#.#
###≈≈##.##a#.#.#.#.#.#
≈≈≈≈≈≈..###.#.#.#.#.#
###≈≈##.##.#.#.#.#.#
## #.####.#.#.#.#.#
#............#.#
....####.###...#
.(...# #. .. ##


You could see a two-headed ogre and a worker ant (wandering).

Vanquished Creatures
  An orc priest (D:3)
  An orc wizard (D:3)
  An iron imp (D:2)
  2 iguanas (D:5)
  4 gnolls (D:2)
  3 adders
  2 worms
  A dart slug (D:2)
  3 leopard geckos (D:1)
  8 orcs
  A giant cockroach (D:3)
  12 goblins
  7 hobgoblins
  4 jackals (D:3)
  9 kobolds
  2 quokkas
  4 bats
  2 frilled lizards
  6 rats
73 creatures vanquished.

Notes
Turn   | Place    | Note
-------+----------+-------------------------------------------
     0 | Abyss:1  | axecop the Spriggan Abyssal Knight began the quest for the
                  | Orb.
     0 | Abyss:1  | Reached XP level 1. HP: 11/11 MP: 3/3
    41 | Abyss:1  | Noticed a thrashing horror
    45 | D:1      | Escaped the Abyss
   154 | D:1      | Reached skill level 1 in Stealth
   198 | D:1      | Reached * piety under Lugonu
   198 | D:1      | Reached XP level 2. HP: 16/16 MP: 4/4
   513 | D:1      | Reached skill level 4 in Dodging
   714 | D:1      | Reached XP level 3. HP: 17/19 MP: 5/5
  1093 | D:2      | Reached XP level 4. HP: 6/23 MP: 6/6
  1671 | D:2      | Found an ornate altar of the Wu Jian Council.
  1880 | D:2      | Found a bloodstained altar of Trog.
  2036 | D:2      | Found a burning altar of Makhleb.
  2047 | D:2      | Reached skill level 5 in Dodging
  2142 | D:3      | Reached XP level 5. HP: 27/27 MP: 8/8
  2186 | D:3      | Reached ** piety under Lugonu
  2961 | D:5      | Entered Level 5 of the Dungeon
  3050 | D:5      | Reached XP level 6. HP: 24/32 MP: 9/9
  3070 | D:5      | Noticed a two-headed ogre
  3071 | D:5      | Demolished by a two-headed ogre

Illustrated notes

Levels and vault maps discovered:
D:1:      minmay_arrival_radiant_lines, layout_basic
D:2:      layout_loops_ring, lemuel_crystal_altar, makhleb_grotto_becter,
          trog_book
D:3:      layout_loops_cross, first_ration, minmay_curled_crystal
D:4:      minmay_chambers_of_fours, layout_basic
D:5:      layout_basic, gup_sewer_entry_bubbles, minmay_tree_intersection,
          minivault_23, corner_web_ring, uniq_grinder

Skill      XL: |  1  2  3  4  5 |
---------------+----------------+-----
Stealth        | 1 2 3 4 |  4.3
Invocations    | 2 3 |  3.3
Dodging        | 4 5 |  5.5
Short Blades   | 3 |  3.8
Fighting       | |  2.7

Action                   |  1- 3 |  4- 6 || total
-------------------------+-------+-------++-------
Melee: Short sword       |    64 |    98 ||   162
Invok: Depart the Abyss  |     1 |       ||     1
       Bend Space        |       |     1 ||     1
  Use: Scroll            |     1 |     7 ||     8
       Potion            |       |     1 ||     1
 Stab: Sleeping          |     2 |     8 ||    10
       Distracted        |       |     1 ||     1
Armor: Robe              |     5 |     9 ||    14
Dodge: Dodged            |    54 |    59 ||   113
